AoeStats
← damiansima

Arena

510616019Analyzed
4v4 RM · 16h ago on Oct 1, 2026· 28m 7s· 8 players
Game mode
Random Map
Map size
Large (8 player)
Population
200
Speed
Normal
Resources
Standard
Victory
Conquest
Starting age
Dark Age
Ending age
Imperial Age
RankedLock teamsTeams togetherTeam positionsShared explorationLock speedFull tech treeHidden civsTurbo modeCheats
Victory
Defeat
🇩🇪 Turks · Germany
1208
+19
🇨🇳 Inca · China
1193
+20
🇲🇽 Teutons · Mexico
1183
+20
🇦🇷 Hindustanis · Argentina
1174
+21
🇨🇴 Poles · Colombia
1340
-22
🇩🇪 Wu · Germany
1283
-20
🇨🇴 Spanish · Colombia
1273
-20
🇦🇷 Khmer · Argentina
1234
-18
𒉭BEHELIT𒉭
9:24 Feudal Age
10:09 Double-Bit Axe
17:10 Castle Age
15:42 Horse Collar
16:18 Gold Mining
17:27 Loom
18:03 Bow Saw
17:53 Heavy Plow
Olli
8:38 Loom
10:40 Feudal Age
15:08 Castle Age
13:06 Stone Mining
16:11 Wheelbarrow
17:07 Double-Bit Axe
18:37 Fletching
21:25 Bodkin Arrow
25:04 Hand Cart
[IMGG]Poncho
5:34 Loom
8:32 Feudal Age
9:03 Double-Bit Axe
10:16 Fletching
14:59 Horse Collar
19:47 Scale Mail Armor
21:01 Stone Mining
21:02 Gold Mining
22:50 Wheelbarrow
26:05 Castle Age
26:25 Pikeman
27:06 Squires
27:22 Chain Mail Armor
27:38 Bow Saw
27:30 Heavy Plow
damiansima
13:07 Feudal Age
15:47 Castle Age
13:35 Double-Bit Axe
13:31 Horse Collar
13:54 Gold Mining
16:51 Bow Saw
17:19 Heavy Plow
17:17 Loom
18:24 Husbandry
21:08 Bloodlines
21:06 Scale Barding Armor
21:20 Loom
22:44 Forging
24:01 Town Watch
25:30 Light Cavalry
27:50 Wheelbarrow
loco_de_la_colina
12:31 Feudal Age
13:34 Horse Collar
13:46 Gold Mining
13:46 Double-Bit Axe
16:54 Castle Age
22:08 Imperial Age
21:57 Padded Archer Armor
Vilkian
11:24 Feudal Age
12:41 Loom
16:06 Castle Age
14:01 Double-Bit Axe
14:18 Horse Collar
16:41 Scale Barding Armor
20:37 Wheelbarrow
23:47 Bloodlines
Queondacompa
10:26 Feudal Age
15:10 Castle Age
13:19 Double-Bit Axe
13:50 Loom
13:55 Horse Collar
14:35 Stone Mining
16:59 Wheelbarrow
16:58 Heavy Plow
20:43 Fletching
21:34 Bodkin Arrow
EU _XING
10:47 Feudal Age
10:31 Loom
14:33 Wheelbarrow
13:51 Stone Mining
15:01 Fletching
26:30 Castle Age
Connection lost

Rejoining the realm…

Still unreachable

The connection could not be restored.

Session expired

The server has moved on; the page needs a fresh start.